 Dungeon Crawl Stone Soup version 0.27.0-1-g7a089689b8 (webtiles) character file.

Game seed: 425811517039903345

214 Demosthentine the Poker (level 5, -4/38 (41) HPs)
             Began as a Merfolk Gladiator on Aug 1, 2021.
             Slain by a gnoll (7 damage)
             ... on level 3 of the Dungeon.
             The game lasted 00:03:09 (2656 turns).

Demosthentine the Poker (Merfolk Gladiator)         Turns: 2656, Time: 00:03:09

HP:   -4/38 (41)    AC:  4    Str: 15    XL:     5   Next: 92%
MP:   5/5           EV: 14    Int:  7    God:
Gold: 104           SH:  0    Dex: 16    Spells: 4/4 levels left

rFire    . . .     SeeInvis .   a - +0 trident
rCold    . . .     Faith    .   (no shield)
rNeg     . . .     Spirit   .   b - +0 leather armour
rPois    .         Reflect  .   c - +0 helmet
rElec    .         Harm     .   (no cloak)
rCorr    .         Rampage  .   (no gloves)
Will     .....                  (no boots)
Stlth    +.........             (no amulet)
HPRegen  0.12/turn              (no ring)
MPRegen  0.09/turn              (no ring)

@: drained
A: (nimble swimmer 2), mertail
a: no special abilities


You were on level 3 of the Dungeon.
You visited 1 branch of the dungeon, and saw 3 of its levels.

You collected 104 gold pieces.

Inventory:

Hand Weapons
 a - a +0 trident (weapon)
Missiles
 d - 3 throwing nets (quivered)
Armour
 b - a +0 leather armour (worn)
 c - a +0 helmet (worn)
 h - a +0 buckler
Scrolls
 e - a scroll of enchant armour {unknown}
Potions
 g - a potion of resistance
 i - a potion of haste


   Skills:
 + Level 3.4 Fighting
 + Level 5.7 Polearms
 - Level 2.0 Throwing
 + Level 1.6 Armour
 + Level 5.2 Dodging
 + Level 2.0 Shields


You had 4 spell levels left.
You didn't know any spells.
Your spell library contained the following spells:

 Spells                   Type           Power      Damage    Failure   Level
 Slow                     Hex            0%         N/A       65%         2
 Confusing Touch          Hex            0%         N/A       86%         3
 Gell's Gravitas          Tloc           0%         N/A       86%         3
 Lesser Beckoning         Tloc           0%         N/A       86%         3
 Teleport Other           Tloc           0%         N/A       86%         3
 Vampiric Draining        Necr           0%         2d6       86%         3


Dungeon Overview and Level Annotations

Branches:
Dungeon (3/15)

Altars:


Innate Abilities, Weirdness & Mutations

((You are quick and stealthy near water. (Stealth+, EV+, Speed+++)))
Your lower body shifts to a powerful aquatic tail in water.


Message History

The wight barely misses you.
You reach to attack!
You hit the wight.
The wight is moderately damaged.
The wight closely misses you.
You reach to attack!
You hit the wight but do no damage.
The wight is moderately damaged.
The wight closely misses you.
You reach to attack!
You hit the wight.
The wight is moderately damaged.
The wight misses you.
You reach to attack!
You hit the wight.
The wight is severely damaged.
The wight barely misses you.
You reach to attack!
You hit the wight.
The wight is severely damaged.
The wight hits you from afar with a +0 spear!
You feel drained.
You are too injured to fight recklessly!
You are too injured to fight recklessly!
Reach: a) +0 trident
Press: ? - help, Dir - move target, f/p - wight
Aim: a wight, wielding a +0 spear and wearing a +0 robe (severely damaged, about 38% to evade your +0 trident)
You reach to attack!
You hit the wight.
You destroy the wight!
Your Shields skill increases to level 2!
Unknown command.
Unknown command.
Reach: a) +0 trident
Press: ? - help, Dir - move target, f - wight
Aim: a wight, wielding a +0 battleaxe and wearing a +0 robe (about 38% to evade your +0 trident)
You reach to attack!
You hit the wight.
The wight is moderately damaged.
Unknown command.
The gnoll throws a throwing net.
The throwing net closely misses you.
You see here a throwing net.
The gnoll hits you with a +0 halberd!
* * * LOW HITPOINT WARNING * * *
There is a stone staircase leading up, spattered with blood here.
The wight misses you. The gnoll hits you with a +0 halberd!
You die...

##....z## ..# ....... ..#
..gg. ### #.# #.## .z.
#.. ... ...# #.# #.# #.#
#..# #.######.# #.# #..#
#......#.###.# #..# ##.#
######....##)## #..#..
....
..........<#.g@#####..#.#
##.#
#######......#.zg.g...#.#
######...######.#.#
##..)...##.#.#
######.##g#.# #.##g#.#
#.##.#.### #g##.#.#.##
#g##.#....##


You could see a gnoll shaman, a wight and 2 gnolls.

Vanquished Creatures
  3 wights
  A hound (D:3)
  A gnoll (D:2)
  An adder (D:2)
  A dart slug (D:1)
  A ball python (D:2)
  3 bats
  2 endoplasms (D:1)
  A giant cockroach (D:1)
  4 goblins
  4 hobgoblins
  6 jackals
  2 quokkas (D:2)
  3 frilled lizards
  7 kobolds
  4 rats (D:1)
44 creatures vanquished.

Notes
Turn   | Place    | Note
-------+----------+-------------------------------------------
     0 | D:1      | Demosthentine the Merfolk Gladiator began the quest for the
                  | Orb.
     0 | D:1      | Reached XP level 1. HP: 16/16 MP: 1/1
   191 | D:1      | Reached XP level 2. HP: 23/23 MP: 2/2
   827 | D:1      | Reached XP level 3. HP: 28/28 MP: 3/3
   827 | D:1      | Found a faded altar of an unknown god.
  1208 | D:2      | Reached skill level 5 in Polearms
  2012 | D:3      | Reached skill level 1 in Armour
  2012 | D:3      | Reached skill level 1 in Shields
  2012 | D:3      | Reached XP level 4. HP: 34/34 MP: 4/4
  2117 | D:2      | Reached XP level 5. HP: 12/41 MP: 5/5
  2455 | D:2      | Reached skill level 5 in Dodging
  2656 | D:3      | Slain by a gnoll

Illustrated notes

Levels and vault maps discovered:
D:1:      sevenhm_arrival_forest_fort_small_3, layout_loops_ring,
          shapermc_ecumenical_altar_pompeii
D:2:      layout_basic
D:3:      layout_loops_ring

Skill      XL: |  1  2  3  4  5 |
---------------+----------------+-----
Polearms       | 5 |  5.7
Armour         | 1 |  1.6
Shields        | 1 2 |  2.0
Fighting       | 3 |  3.4
Dodging        | 5 |  5.2
Throwing       | |  2.0

Action                   |  1- 3 |  4- 6 || total
-------------------------+-------+-------++-------
Melee: Trident           |   131 |    46 ||   177
  Use: Scroll            |     5 |       ||     5
 Stab: Sleeping          |     2 |     1 ||     3
Armor: Leather armour    |    30 |     4 ||    34
Dodge: Dodged            |    66 |    29 ||    95
